 Dungeon Crawl Stone Soup version 0.30.1-11-g7821555f0a (webtiles) character file.

Game seed: 17222789836253798492

15955 monsoonserge the Stormcaller (level 12, -4/64 HPs)
             Began as a Tengu Air Elementalist on Jan 2, 2024.
             Was an Elder of Vehumet.
             Slain by a black mamba (16 damage)
             ... on level 2 of the Lair of Beasts.
             The game lasted 00:57:07 (12943 turns).

monsoonserge the Stormcaller (TeAE)                Turns: 12943, Time: 00:57:08

Health: -4/64      AC:  7    Str: 10    XL:     12   Next: 32%
Magic:  20/20      EV: 14    Int: 23    God:    Vehumet [****..]
Gold:   738        SH:  5    Dex: 18    Spells: 11/21 levels left

rFire   + . .        b - staff of air
rCold   + . .        (no shield)
rNeg    . . .        K - +3 leather armour "Baorphush" {rC+ Int+3 Dex+4}
rPois   +            (helmet restricted)
rElec   +            (no cloak)
rCorr   .            z - +0 pair of gloves
SInv    .            (boots unavailable)
Will    .....        k - amulet of reflection
Stlth   ++           w - ring of poison resistance
HPRegen 0.30/turn    B - ring of protection from fire
MPRegen 0.17/turn

%: reflection
@: lethally poisoned (-4 -> -5), flying quickly and evasively, constricted,
quick
A: beak, talons 3, nimble flight
a: Renounce Religion


You were on level 2 of the Lair of Beasts.
You worshipped Vehumet.
Vehumet was greatly pleased with you.
You visited 3 branches of the dungeon, and saw 13 of its levels.
You also visited: Bailey.

You collected 948 gold pieces.
You spent 210 gold pieces at shops.

Inventory:

Hand Weapons
 a - the +7 lajatang of Order {silver, rMut}
   (You took it off a kobold in a bailey)

   rMut:      It protects you from mutation.
 x - the +5 Force Lance {heavy, knockback}
   (You found it on level 7 of the Dungeon)
 I - the +9 sling of Petij {heavy, Contam rElec rN++ Dex+3}
   (You found it on level 5 of the Dungeon)

   Dex:       It affects your dexterity (+3).
   rElec:     It insulates you from electricity.
   rN:        It greatly protects you from negative energy.
   Contam:    It causes magical contamination when unequipped.
Missiles
 n - 93 poisoned darts (quivered)
 y - 29 boomerangs
 E - a curare-tipped dart
 O - a silver boomerang
 P - 7 javelins
Armour
 z - a +0 pair of gloves (worn)
 K - the +3 leather armour "Baorphush" (worn) {rC+ Int+3 Dex+4}
   (You found it on level 8 of the Dungeon)

   Int:       It affects your intelligence (+3).
   Dex:       It affects your dexterity (+4).
   rC:        It protects you from cold.
Magical Staves
 b - a staff of air (weapon)
Jewellery
 c - a ring of protection from cold
 i - a +5 ring of evasion
 k - an amulet of reflection (around neck)
 w - a ring of poison resistance (left hand)
 B - a ring of protection from fire (right hand)
 C - a ring of ice
 J - a ring of resist corrosion
Wands
 p - a wand of roots (14)
 s - a wand of quicksilver (23)
 u - a wand of flame (36)
Scrolls
 d - 4 scrolls of blinking
 f - 3 scrolls of vulnerability {unknown}
 g - a scroll of magic mapping
 h - a scroll of acquirement {unknown}
 l - 3 scrolls of teleportation
 q - 2 scrolls of amnesia
 A - 3 scrolls of fog
 D - 2 scrolls of fear
 F - 2 scrolls of poison
 G - a scroll of butterflies
 H - a scroll of enchant weapon
 L - 2 scrolls of enchant armour
Potions
 e - 5 potions of magic
 j - 3 potions of heal wounds {unknown}
 m - 3 potions of lignification
 o - 4 potions of mutation
 r - 3 potions of curing
 t - a potion of cancellation
 N - a potion of attraction {unknown}
 Q - a potion of brilliance {unknown}
 R - 5 potions of haste
Miscellaneous
 S - a piece from Xom's chessboard (15/15)


   Skills:
 + Level 3.4 Fighting
 - Level 5.0 Short Blades
 + Level 1.7 Staves
 + Level 1.5 Throwing
 + Level 5.2 Armour
 + Level 5.4 Dodging
 - Level 3.0 Stealth
 - Level 5.0 Spellcasting
 - Level 6.0 Conjurations
 - Level 2.0 Ice Magic
 + Level 18.9 Air Magic
 * Level 5.4 Evocations


You had 11 spell levels left.
You knew the following spells:

 Your Spells              Type           Power      Damage    Failure   Level
a - Shock                 Conj/Air       100%       1d9       1%          1
b - Airstrike             Air            48%        2d(7-23)  1%          4
c - Freezing Cloud        Conj/Ice/Air   31%        6-21      2%          5

Your spell library contained the following spells:

 Spells                   Type           Power      Damage    Failure   Level
 Hailstorm                Conj/Ice       24%        3d7       1%          3
 Swiftness                Air            96%        N/A       0%          3
 Cigotuvi's Dreadful Rot  Necr/Pois/Air  100%       N/A       1%          2
 Static Discharge         Conj/Air       100%       2-7/arc   1%          2
 Frozen Ramparts          Ice            28%        1d5       4%          3
 Ignite Poison            Fire/Tmut/Pois 5%         N/A       11%         3
 Apportation              Tloc           10%        N/A       12%         1
 Beastly Appendage        Tmut           10%        N/A       12%         1
 Necrotise                Necr           20%        1d5       12%         1
 Ensorcelled Hibernation  Hex/Ice        20%        N/A       12%         2
 Wereblood                Tmut           5%         N/A       19%         2
 Portal Projectile        Hex/Tloc       10%        N/A       36%         3
 Spider Form              Tmut/Pois      5%         N/A       36%         3
 Tukima's Dance           Hex            5%         N/A       36%         3
 Vampiric Draining        Necr           5%         2d6       36%         3
 Ice Form                 Ice/Tmut       10%        N/A       63%         4
 Summon Ice Beast         Ice/Summ       10%        N/A       63%         4
 Anguish                  Hex/Necr       2%         N/A       77%         4
 Agony                    Necr           5%         N/A       98%         5
 Alistair's Intoxication  Tmut/Pois      3%         N/A       98%         5
 Blade Hands              Tmut           2%         N/A       98%         5


Dungeon Overview and Level Annotations

Branches:
Dungeon (10/15)            Temple (1/1) D:7            Lair (2/5) D:9
  Snake (0/4) Lair:2       Bailey (visited)
  Swamp: Lair:2-3    Shoals: Lair:2-3       Orc: D:9-12

Altars:
Ashenzari
Cheibriados
Dithmenos
Elyvilon
Fedhas
Gozag
Hepliaklqana
Kikubaaqudgha
Makhleb
Nemelex Xobeh
Okawaru
Qazlal
Ru
Sif Muna
Trog
Uskayaw
Vehumet
Wu Jian
Xom
Yredelemnul
Zin
The Shining One

Shops:
D:6 ?   D:7 :

Annotations:
D:10 Snorg
Abyss:1 Erica, Maggie


Innate Abilities, Weirdness & Mutations

You have a beak for a mouth.
You have claws for feet.
Your magical nature lets you fly swiftly and evasively.


Message History

You feel your power returning.
You see here the +1 mace "Xoricrum" {heavy, rF+}.
Done exploring.
Done exploring.
There is a fountain of clear blue water here.
There is a stone staircase leading down here.
Saving game... please wait.
Welcome back, monsoonserge the Tengu Air Elementalist.
Vehumet says: Let it end in hellfire!
Press ? for a list of commands and other information.
There is a stone staircase leading down here.
You fly downwards.
The naga shouts! x2; You hear an angry hiss.
Found four items.
Found a staircase to the Snake Pit.
There is a stone staircase leading up here.
Found a leather armour.
h - a scroll labelled HILEHI LARAMAZ A black mamba comes into view.
You see here a +5 ring of evasion.
i - a +5 ring of evasion The naga spits poison at you.
The splash of poison hits you.
You are poisoned.
You resist.
You feel sick. The black mamba bites you! The naga hits you with a +0 mace.
The naga misses you.
You feel sick.
The naga hits you with a +0 short sword!
You block the naga's attack. You block the black mamba's attack.
The naga spits poison at you.
The splash of poison hits you but does no damage.
You resist.
There is a stone staircase leading up, spattered with blood here.
You feel sick. The black mamba bites you!
* * * LOW HITPOINT WARNING * * *
The naga closely misses you. The naga grabs you.
You stop ascending the stairs.
The naga constricts you.
* * * LOW HITPOINT WARNING * * *
The naga barely misses you. The black mamba bites you!
You die...

......P..##.
$.[......... ##
#..#.......P ###.
#.##........
##....##.#.........
#.....#............
#.................
...#....S.!......
###..@N.......
###N####.... ~..♣
... PP.~P~ ..
.♣♣.♣♣PP . ♣~ ...
~~# . .>. .. # .N.
#.


You could see a black mamba and 3 nagas.

Vanquished Creatures
  2 two-headed ogres
  5 death yaks (Lair:1)
  A black mamba (Lair:1)
  A gargoyle (D:10)
  2 cane toads (Lair:1)
  A kobold demonologist (D:10)
  A komodo dragon (Lair:1)
  A hornet (D:9)
  Sigmund (D:6)
  A shadow (D:9)
  A vampire (D:10)
  9 yaks (Lair:1)
  A wraith (D:9)
  A basilisk (Lair:1)
  A wyvern (D:9)
  3 steam dragons
  Grum (D:8)
  Edmund (D:6)
  Duvessa (D:7)
  2 wargs (D:9)
  4 water moccasins
  An ice beast (D:6)
  A sky beast (D:8)
  11 orc warriors
  A centaur (D:7)
  9 wolves
  2 ogres
  A phantom (D:7)
  8 kobold brigands
  9 bullfrogs
  2 scorpions
  Dowan (D:7)
  6 killer bees
  A howler monkey (D:9)
  5 electric eels
  4 hounds
  2 jellies
  3 orc priests (D:9)
  2 gnoll boudas (D:6)
  Jessica (D:3)
  3 iguanas
  Ijyb (D:3)
  2 sleepcaps
  13 orc wizards
  Robin (D:3)
  8 adders
  15 gnolls
  A shadow imp (D:6)
  4 white imps
  An ufetubus (D:5)
  40 orcs
  5 bats
  8 endoplasms
  A giant cockroach (D:3)
  24 goblins
  17 hobgoblins
  3 quokkas (D:1)
  4 ball pythons
  A frilled lizard (D:1)
  49 kobolds
  3 rats
315 creatures vanquished.

Vanquished Creatures (others)
  A goblin (D:3)
1 creature vanquished.

Grand Total: 316 creatures vanquished

Notes
Turn   | Place    | Note
-------+----------+-------------------------------------------
     0 | D:1      | monsoonserge the Tengu Air Elementalist began the quest for
                  | the Orb.
     0 | D:1      | Reached XP level 1. HP: 10/10 MP: 4/4
   196 | D:1      | Reached XP level 2. HP: 15/15 MP: 1/6
   618 | D:1      | Reached XP level 3. HP: 18/19 MP: 5/7
   739 | D:1      | Reached skill level 5 in Air Magic
  1015 | D:2      | Reached skill level 1 in Armour
  1394 | D:3      | Noticed Robin
  1633 | D:3      | Reached XP level 4. HP: 24/24 MP: 8/8
  1638 | D:3      | Learned a level 4 spell: Airstrike
  1648 | D:3      | Noticed Ijyb
  1654 | D:3      | Killed Ijyb
  1896 | D:3      | Killed Robin
  1897 | D:3      | Reached skill level 1 in Short Blades
  1897 | D:3      | Gained mutation: Your magical nature lets you fly swiftly
                  | and evasively. [Tengu growth]
  1897 | D:3      | Reached XP level 5. HP: 28/28 MP: 3/9
  2212 | D:3      | Noticed Jessica
  2216 | D:3      | Killed Jessica
  2505 | D:4      | Noticed an ogre
  2520 | D:4      | Killed an ogre
  2521 | D:4      | Reached skill level 1 in Fighting
  2521 | D:4      | Reached skill level 6 in Air Magic
  2521 | D:4      | Reached XP level 6. HP: 34/34 MP: 1/10
  2952 | D:4      | Reached XP level 7. HP: 38/38 MP: 9/11
  2956 | D:4      | Reached skill level 7 in Air Magic
  3506 | D:5      | Entered Level 5 of the Dungeon
  3690 | D:5      | Noticed a steam dragon
  3704 | D:5      | Killed a steam dragon
  3705 | D:5      | Reached skill level 8 in Air Magic
  3806 | D:5      | Identified the +9 sling of Petij {heavy, Contam rElec rN++
                  | Dex+3}
  3933 | D:5      | Reached XP level 8. HP: 43/43 MP: 3/12
  4268 | D:6      | Reached skill level 9 in Air Magic
  4389 | D:6      | Reached skill level 1 in Throwing
  4588 | D:6      | Noticed Edmund
  4598 | D:6      | Killed Edmund
  4599 | D:6      | Reached skill level 10 in Air Magic
  4696 | D:6      | Noticed Sigmund
  4700 | D:6      | Killed Sigmund
  4701 | D:6      | Reached skill level 1 in Evocations
  4945 | D:6      | Reached skill level 11 in Air Magic
  4983 | D:6      | Reached XP level 9. HP: 48/48 MP: 4/13
  5218 | D:6      | Found Uruib's Magic Scroll Shop.
  5239 | D:6      | Bought a scroll of fear for 56 gold pieces
  5239 | D:6      | Bought a scroll of poison for 56 gold pieces
  5239 | D:6      | Bought a scroll of butterflies for 56 gold pieces
  5239 | D:6      | Bought a scroll of teleportation for 42 gold pieces
  5550 | D:7      | Found the +5 Force Lance {heavy, knockback}
  5674 | D:7      | Found a staircase to the Ecumenical Temple.
  5687 | Temple   | Entered the Ecumenical Temple
  5715 | Temple   | Became a worshipper of Vehumet
  5722 | Temple   | Reached skill level 12 in Air Magic
  6311 | D:7      | Found Jasih's Book Shoppe.
  6340 | D:7      | Noticed Duvessa
  6343 | D:7      | Noticed Dowan
  6345 | D:7      | Killed Duvessa
  6358 | D:7      | Killed Dowan
  6372 | D:7      | Found a sacrificial altar of Ru.
  6792 | D:8      | Identified the +3 leather armour "Baorphush" {rC+ Int+3
                  | Dex+4}
  7021 | D:8      | Reached skill level 13 in Air Magic
  7266 | D:8      | Noticed a two-headed ogre
  7280 | D:9      | Reached * piety under Vehumet
  7280 | D:9      | Offered knowledge of Freeze by Vehumet.
  7281 | D:9      | Reached XP level 10. HP: 29/54 MP: 11/17
  7470 | D:9      | Found a blossoming altar of Fedhas.
  7655 | D:8      | Reached skill level 14 in Air Magic
  7672 | D:8      | Killed a two-headed ogre
  7825 | D:8      | Noticed Grum
  7836 | D:8      | Reached skill level 15 in Air Magic
  7837 | D:8      | Killed Grum
  8248 | D:8      | Noticed Erica
  8250 | D:8      | Banished Erica
  8514 | D:9      | Reached skill level 16 in Air Magic
  8702 | D:9      | Found a staircase to the Lair.
  8905 | D:9      | Reached skill level 17 in Air Magic
  8905 | D:9      | Reached XP level 11. HP: 59/59 MP: 9/18
  8968 | D:9      | Noticed a two-headed ogre
  8977 | D:9      | Killed a two-headed ogre
  9267 | D:9      | Learned a level 5 spell: Freezing Cloud
  9307 | D:10     | Entered Level 10 of the Dungeon
  9361 | D:10     | Offered knowledge of Kiss of Death by Vehumet.
  9408 | D:10     | Reached ** piety under Vehumet
  9587 | D:10     | Reached skill level 1 in Ice Magic
  9678 | D:10     | Noticed Maggie
  9688 | D:10     | Banished Maggie
  9689 | D:10     | Found a flagged portal.
  9797 | Bailey   | Entered a bailey
  9871 | Bailey   | Offered knowledge of Poisonous Vapours by Vehumet.
 10200 | Bailey   | Reached *** piety under Vehumet
 10282 | Bailey   | Identified the +0 plate armour of Ru's Esteem {rPois}
 10991 | D:10     | Noticed Snorg
 11188 | Lair:1   | Entered Level 1 of the Lair of Beasts
 11312 | Lair:1   | Identified the +1 mace "Xoricrum" {heavy, rF+}
 11381 | Lair:1   | Reached skill level 5 in Conjurations
 11394 | Lair:1   | Offered knowledge of Volatile Blastmotes by Vehumet.
 11438 | Lair:1   | Reached skill level 5 in Spellcasting
 11549 | Lair:1   | Reached skill level 18 in Air Magic
 11902 | Lair:1   | Reached skill level 5 in Dodging
 12110 | Lair:1   | Noticed a death yak
 12110 | Lair:1   | Noticed a death yak
 12110 | Lair:1   | Noticed a death yak
 12111 | Lair:1   | Noticed a death yak
 12112 | Lair:1   | Noticed a death yak
 12119 | Lair:1   | Killed a death yak
 12120 | Lair:1   | Reached skill level 5 in Armour
 12120 | Lair:1   | Reached XP level 12. HP: 64/64 MP: 11/20
 12123 | Lair:1   | Killed a death yak
 12127 | Lair:1   | Killed a death yak
 12128 | Lair:1   | Reached skill level 5 in Short Blades
 12128 | Lair:1   | Reached skill level 1 in Staves
 12149 | Lair:1   | Killed a death yak
 12149 | Lair:1   | Reached **** piety under Vehumet
 12150 | Lair:1   | Reached skill level 5 in Evocations
 12154 | Lair:1   | Killed a death yak
 12569 | Lair:1   | Offered knowledge of Hailstorm by Vehumet.
 12931 | Lair:2   | Found a staircase to the Snake Pit.
 12943 | Lair:2   | Slain by a black mamba

Illustrated notes

Levels and vault maps discovered:
D:1:      minmay_arrival_five_plusses, layout_basic
D:2:      layout_basic
D:3:      layout_basic, uniq_ijyb, uniq_robin, uniq_jessica
D:4:      layout_loops_ring, kennysheep_crisscross
D:5:      layout_rooms, chequers_serial_rivers_micro_a, kennysheep_boxes
D:6:      minmay_inner_zag, layout_loops_ring, serial_shops,
          nicolae_stop_n_shop_1, chequers_garden, sigmund_edmund_badplayer
D:7:      layout_loops_ring, mainiacjoe_overflow_surrounded_room,
          minmay_temple_entry_large_hall, serial_shops,
          nicolae_shop_pleasant_corner_grove, uniq_duvessa
D:8:      layout_basic, dk_rats_in_the_wall, uniq_erica, uniq_grum
D:9:      layout_roguey, fedhas_altar_2, erik_lair_orcish_takeover,
          amcnicky_mini_pool_medium
D:10:     layout_loops_ring, enter_bailey_5, minmay_statues_item, uniq_snorg,
          uniq_maggie
Temple:   nicolae_temple_bog_church
Lair:1:   layout_layer_cave, serial_bayou_shore_a, grunt_megastairs_1,
          infiniplex_staircase_pool_2
Lair:2:   nzn_winding_woodlands_small [nzn_winding_woodlands_5x15_pockets,
          nzn_winding_woodlands_center_garden,
          nzn_winding_woodlands_5x15_zeroes], layout_cave_shapes,
          guppyfry_snake_entry_garden

Skill      XL: |  1  2  3  4  5  6  7  8  9 10 11 12 |
---------------+-------------------------------------+-----
Conjurations   | 2 3 6 |  6.0
Air Magic      | 5 6 8 11 13 17 18 | 18.9
Armour         | 1 2 3 4 5 |  5.2
Short Blades   | 1 2 3 4 5 |  5.0
Fighting       | 1 2 3 |  3.4
Dodging        | 3 4 5 |  5.4
Throwing       | 1 |  1.5
Evocations     | 1 2 3 4 5 |  5.4
Spellcasting   | 4 5 |  5.0
Ice Magic      | 2 |  2.0
Stealth        | 3 |  3.0
Staves         | 1 |  1.7

Action                     |  1- 3 |  4- 6 |  7- 9 | 10-12 || total
---------------------------+-------+-------+-------+-------++-------
  Melee: Dagger            |     6 |       |       |       ||     6
         Kick              |     5 |     5 |    29 |    37 ||    76
         Short sword       |    33 |    38 |   110 |    99 ||   280
         Peck              |     4 |     7 |    15 |    23 ||    49
         Punch             |       |       |     2 |       ||     2
         Staff             |       |       |       |    18 ||    18
  Throw: Dart              |       |     6 |       |     2 ||     8
   Cast: Shock             |    48 |    71 |   162 |   236 ||   517
         Airstrike         |       |     1 |    19 |    49 ||    69
         Freezing Cloud    |       |       |       |     5 ||     5
  Evoke: Wand              |       |       |       |     3 ||     3
    Use: Scroll            |       |       |     9 |     8 ||    17
         Potion            |       |       |       |     2 ||     2
   Stab: Sleeping          |     1 |       |     1 |     1 ||     3
 Armour: Leather armour    |     9 |     4 |    10 |    31 ||    54
         Steam dragon scal |       |       |    18 |       ||    18
         Skin              |       |       |       |     4 ||     4
  Dodge: Dodged            |    21 |    19 |    79 |   112 ||   231
  Block: Other             |     6 |     5 |    26 |    37 ||    74
         Reflection        |       |       |     5 |     5 ||    10
